Map: Ultralove

Players

ManlyManMeat

  • Race: Zerg Zerg
  • League: Diamond
  • Spawn Location: 1:00

HiddenSquid - Winner!

  • Race: Zerg Zerg
  • League: Diamond
  • Spawn Location: 7:00

VOD

Have the link to the VOD?

Description

Time

  • Played on: July 1, 2025, 2:09 p.m.
  • Length: 9:37
Show
View Real Time Build Order
Export as new Build Order

ManlyManMeat Zerg 

Build Orders: Hatch First 

Get SALT Encoding   

  12  0:00  Drone  
  13  0:09  Drone  
  14  0:14  Extractor  
  14  0:16  Drone  
  15  0:21  Overlord  
  15  0:41  Drone  
  16  0:46  Hatchery  
  16  0:49  Drone  
  16  0:54  Drone  
  17  0:57  Drone  
  18  1:08  Extractor  
  17  1:13  Spawning Pool  
  17  1:16  Drone  
  17  1:19  Drone  
  18  1:26  Drone  
  19  1:37  Drone  
  20  1:59  Queen x2  
  20  2:00  Zergling x2  
  20  2:01  Zergling x2  
  26  2:02  Overlord  
  26  2:08  Metabolic Boost  
  26  2:11  Drone  
  26  2:14  Drone  
  28  2:23  Drone x2  
  28  2:29  Baneling Nest  
  29  2:41  Zergling x4  
  31  2:52  Hatchery  
  29  2:59  Zergling x6  
  32  3:09  Roach Warren  
  32  3:10  Extractor  
  32  3:11  Drone  
  31  3:14  Drone  
  31  3:17  Drone  
  33  3:31  Baneling  
  33  3:32  Baneling x2  
  33  3:33  Zergling x4  
  34  3:36  Drone  
  34  3:37  Evolution Chamber  
  32  3:56  Roach  
  32  3:57  Overlord  
  32  3:58  Overlord  
  34  4:05  Queen  
  34  4:08  Drone x3  
  39  4:23  Roach x3  
  44  4:30  Roach x2  
  48  4:33  Drone  
  48  4:34  Drone  
  50  4:39  Zerg Missile Weapons Level 1  
  50  4:45  Roach  
  52  4:49  Drone x3  
  55  5:01  Roach  
  55  5:02  Overlord  
  55  5:03  Overlord  
  55  5:05  Drone  
  58  5:12  Lair  
  58  5:26  Roach  
  58  5:27  Roach  
  58  5:28  Drone x5  
  65  5:30  Drone x2  
  69  5:40  Roach x2  
  73  5:43  Overlord  
  73  5:44  Overlord  
  73  5:51  Overlord  
  73  5:53  Overlord  
  73  6:07  Roach x4  
  81  6:17  Ravager  
  82  6:21  Extractor  
  82  6:23  Drone x2, Extractor  
  82  6:24  Drone  
  82  6:25  Drone  
  84  6:27  Drone, Extractor x2  
  84  6:28  Drone x3  
  84  6:29  Drone x4  
  84  6:30  Drone x2  
  84  6:31  Overlord  
  92  6:36  Roach x2  
  95  6:49  Spore Crawler  
  95  6:50  Spore Crawler  
  95  6:53  Spore Crawler x2  
  91  6:55  Spore Crawler  
  91  6:56  Spore Crawler x2  
  91  6:57  Roach  
  83  7:23  Roach x8  
  90  7:34  Roach  
  90  7:35  Roach x2  
  76  7:44  Roach  
  76  7:45  Roach  
  76  7:47  Zergling x2  
  64  8:00  Roach x3  
  64  8:04  Roach  
  59  8:18  Zergling x8  
  59  8:25  Zergling x4  
  54  8:40  Zergling x10  
  49  8:54  Drone x3  
  49  8:55  Drone x2  
  44  9:03  Zergling x4  
  44  9:05  Drone  
Show
View Real Time Build Order
Export as new Build Order

HiddenSquid Zerg - Winner!

Build Orders: Hatch First 

Get SALT Encoding   

  12  0:02  Drone  
  13  0:09  Drone  
  14  0:20  Extractor  
  13  0:22  Drone, Extractor  
  13  0:23  Drone  
  16  0:47  Hatchery, Overlord  
  15  1:03  Spawning Pool  
  14  1:06  Drone  
  15  1:15  Drone  
  16  1:30  Hatchery  
  16  1:32  Drone  
  16  1:35  Drone  
  17  1:43  Extractor  
  16  1:50  Queen  
  16  1:53  Zergling x2  
  19  2:00  Zergling x2  
  20  2:03  Drone x2  
  20  2:08  Drone  
  23  2:12  Drone  
  24  2:18  Drone  
  25  2:24  Zergling x2  
  26  2:33  Drone x2  
  28  2:46  Drone x2  
  28  2:47  Roach Warren  
  28  2:49  Evolution Chamber  
  27  2:59  Zergling x8  
  27  3:00  Zergling x2  
  27  3:03  Drone  
  33  3:12  Spine Crawler  
  32  3:19  Spine Crawler  
  31  3:20  Drone  
  31  3:21  Drone  
  31  3:26  Spine Crawler  
  32  3:33  Drone x2  
  32  3:34  Drone  
  33  3:36  Drone  
  33  3:48  Drone  
  33  3:49  Overlord  
  33  3:55  Extractor  
  32  3:56  Lair  
  32  4:00  Extractor  
  32  4:01  Extractor  
  32  4:02  Drone  
  31  4:04  Drone  
  31  4:07  Drone  
  31  4:09  Drone  
  34  4:21  Drone x4  
  35  4:26  Roach  
  35  4:27  Roach  
  39  4:38  Drone  
  39  4:39  Drone x2  
  39  4:44  Overlord  
  42  4:58  Drone, Spire  
  42  5:01  Overlord x2  
  42  5:08  Drone x3  
  42  5:09  Roach  
  47  5:18  Queen  
  47  5:20  Drone  
  51  5:21  Drone  
  51  5:30  Overlord x2  
  51  5:36  Drone x3  
  54  5:45  Overlord x2  
  54  6:13  Mutalisk x5  
  54  6:14  Mutalisk x3  
  54  6:16  Mutalisk  
  72  6:20  Mutalisk  
  74  6:28  Roach x3  
  80  6:33  Glial Reconstitution  
  80  6:39  Zerg Ground Armor Level 1  
  80  6:48  Roach x4  
  88  6:55  Drone x3  
  88  6:56  Drone x3  
  94  7:14  Roach  
  94  7:15  Roach x2  
  94  7:24  Roach x2  
  94  7:28  Overlord x5  
  96  7:48  Roach x6  
  98  8:09  Roach x4  
  98  8:10  Roach  
  96  8:21  Roach x3  
  96  8:22  Roach  
  98  8:29  Roach x2  
  98  8:30  Queen, Roach  
  98  8:31  Queen  
  106  8:45  Roach x2  
  106  8:46  Roach  
  110  8:53  Roach x2  
  110  8:54  Roach  
  102  9:05  Roach x5  
  104  9:18  Roach x2  
Tags
 
Matchup
ZvZ
Race
Zerg
Replay Pack
Myownreplay2
Spawn Locations
Cross Positions
Add a new tag
Caveats
  • Supply blocks, unpowered buildings, or Contaminate may cause inaccurate times.
  • Supply counts are checked every 10 seconds.